 Dungeon Crawl Stone Soup version 0.29-a0-1033-gb6c65ffae6 (webtiles) character file.

Game seed: 9348338991730886608

1787 wingedge the Cleaver (level 9, 0/61 HPs)
             Began as a Human Wanderer on Aug 14, 2022.
             Was a Follower of the Shining One.
             Succumbed to a gnoll's poison
             ... on level 7 of the Dungeon.
             The game lasted 00:25:06 (7298 turns).

wingedge the Cleaver (Human Wanderer)               Turns: 7298, Time: 00:25:06

Health: 0/61       AC:  9    Str: 25    XL:     9   Next: 29%
Magic:  8/11       EV: 12    Int:  9    God:    the Shining One [*.....]
Gold:   119        SH:  7    Dex: 18    Spells: 8/8 levels left

rFire   . . .      SeeInvis .   a - +6 hand axe (elec)
rCold   . . .      Faith    .   (no shield)
rNeg    . . .      Spirit   .   s - +0 ring mail
rPois   .          Reflect  .   o - +0 helmet
rElec   .          Harm     .   g - +0 cloak
rCorr   .          Rampage  .   C - +0 pair of gloves
Will    .....                   (no boots)
Stlth   +.........              (no amulet)
HPRegen 0.20/turn               x - +6 ring of strength
MPRegen 0.12/turn               v - +6 ring of strength

@: lethally poisoned (0 -> -2), divinely shielded, glowing
A: claws 1, deterioration 1, dopey 1, frail 1
a: Renounce Religion, Divine Shield


You were on level 7 of the Dungeon.
You worshipped the Shining One.
The Shining One was aware of your devotion.
You visited 1 branch of the dungeon, and saw 7 of its levels.

You collected 309 gold pieces.
You spent 190 gold pieces at shops.

Inventory:

Hand Weapons
 a - a +6 hand axe of electrocution (weapon)
 z - a +3 hand axe
 A - a +0 war axe
Missiles
 c - 15 poisoned darts (quivered)
 B - 2 throwing nets
 G - a curare-tipped dart
Armour
 e - a +0 chain mail
 f - a +0 leather armour
 g - a +0 cloak (worn)
 o - a +0 helmet (worn)
 s - a +0 ring mail (worn)
 C - a +0 pair of gloves (worn)
 D - a +0 plate armour
Magical Staves
 d - a staff of air
Jewellery
 v - a +6 ring of strength (right hand)
 x - a +6 ring of strength (left hand)
Wands
 p - a wand of flame (23)
 F - a wand of quicksilver (8)
Scrolls
 h - 6 scrolls of identify {unknown}
 i - 2 scrolls of blinking {unknown}
 j - 3 scrolls of teleportation {unknown}
 k - 2 scrolls of poison {unknown}
 l - a scroll of immolation {unknown}
 q - a scroll of magic mapping {unknown}
 w - a scroll of amnesia {unknown}
 y - a scroll of acquirement {unknown}
Potions
 b - a potion of cancellation {unknown}
 m - 2 potions of curing {unknown}
 n - a potion of mutation
 r - a potion of resistance {unknown}
 t - a potion of magic
 u - 2 potions of haste
 E - a potion of might


   Skills:
 + Level 5.1 Fighting
 - Level 8.0 Axes
 - Level 2.0 Throwing
 - Level 3.0 Armour
 - Level 3.0 Dodging
 - Level 4.0 Stealth
 - Level 4.0 Unarmed Combat
 - Level 3.0 Invocations
 - Level 1.0 Evocations


You had 8 spell levels left.
You didn't know any spells.
Your spell library contained the following spells:

 Spells                   Type           Power      Damage    Failure   Level
 Tukima's Dance           Hex            0%         N/A       88%         3
 Passage of Golubria      Tloc           0%         N/A       99%         4
 Yara's Violent Unravell  Hex/Tmut       0%         3d3       100%        5


Dungeon Overview and Level Annotations

Branches:
Dungeon (7/15)
 Temple: D:4-7

Altars:
Dithmenos
Hepliaklqana
Makhleb
Okawaru
Zin
The Shining One

Shops:
D:4 (   D:6 [


Innate Abilities, Weirdness & Mutations

You have sharp fingernails.
Your body sometimes deteriorates upon taking damage.
You are dopey. (Int -2)
You are frail. (-10% HP)


Message History

You feel very sick. The gnoll hits you but does no damage.
The gnoll hits you with a +0 flail!
You barely miss the gnoll.
The gnoll is heavily wounded.
You feel sick.
The gnoll hits you from afar with a +0 halberd.
The gnoll hits you with a +0 flail.
You hit the gnoll.
The gnoll is almost dead.
You feel sick.
The gnoll hits you from afar with a +0 halberd.
* * * LOW HITPOINT WARNING * * *
The gnoll barely misses you.
You hit the gnoll.
You kill the gnoll!
You feel sick. The gnoll barely misses you.
Press: ? - help, v - describe, . - travel
Here: a gnoll, wielding a +0 halberd (covering ground quickly)
The floor.
Okay, then.
You feel sick. The gnoll hits you with a +0 halberd!
* * * LOW HITPOINT WARNING * * *
Things that are here:
a +0 whip; a gnoll corpse It was a potion of mutation.
You feel extremely strange.
You feel frail.
You feel yourself wasting away.
You feel stupid.
Your fingernails lengthen.
* * * LOW HITPOINT WARNING * * *
You feel sick. The gnoll barely misses you.
It was a potion of magic.
Magic courses through your body.
* * * LOW HITPOINT WARNING * * *
You feel sick. The gnoll hits you with a +0 halberd.
* * * LOW HITPOINT WARNING * * *
Okay, then.
A divine shield forms around you!
* * * LOW HITPOINT WARNING * * *
You feel sick. The gnoll closely misses you.
You slash the gnoll!
You kill the gnoll!
You die...

######## ##
##>#..#.####### ..#
#....#......... ..#
#....#......... ..#
#....#.)....... ..#
#....+)@..####
###########...##)..#
.........##...##.<.#
..............#......
..............#.......
..............#....###'#
..............#....# .
####.....##...#.....
.#####'####...#


There were no monsters in sight!

Vanquished Creatures
  A steam dragon (D:7)
  A water moccasin (D:6)
  A centaur (D:5)
  2 kobold brigands (D:7)
  A necrophage (D:6)
  3 scorpions
  3 killer bees (D:6)
  A howler monkey (D:6)
  3 hounds
  An iron imp (D:5)
  A gnoll bouda (D:7)
  Crazy Yiuf (D:2)
  2 jellies (D:6)
  Terence (D:3)
  4 iguanas
  Natasha (thrice) (D:3)
  3 orc wizards (D:6)
  Robin (D:3)
  17 gnolls
  9 adders
  A shadow imp (D:6)
  7 worms
  2 dart slugs
  9 orcs
  4 endoplasms
  7 giant cockroaches
  16 goblins
  15 hobgoblins
  4 jackals (D:3)
  11 ball pythons
  4 bats
  4 frilled lizards
  A goblin skeleton (D:5)
  3 hobgoblin zombies (D:5)
  10 kobolds
  A kobold zombie (D:5)
  An orc skeleton (D:5)
  2 orc zombies (D:5)
  13 rats
174 creatures vanquished.

Notes
Turn   | Place    | Note
-------+----------+-------------------------------------------
     0 | D:1      | wingedge the Human Wanderer began the quest for the Orb.
     0 | D:1      | wingedge set off with the following items: a +2 hand axe, a
                  | scroll of fog, 13 poisoned darts, a +0 dagger, a potion of
                  | might, a +0 leather armour.
     0 | D:1      | Reached XP level 1. HP: 13/13 MP: 1/1
   182 | D:1      | Reached XP level 2. HP: 13/20 MP: 2/2
   368 | D:1      | Reached skill level 1 in Stealth
   370 | D:1      | Reached skill level 1 in Fighting
   370 | D:1      | Reached skill level 1 in Dodging
   514 | D:1      | Reached XP level 3. HP: 24/26 MP: 3/3
  1255 | D:2      | Reached XP level 4. HP: 21/33 MP: 4/4
  1661 | D:2      | Reached XP level 5. HP: 8/40 MP: 5/5
  2340 | D:2      | Found a runed translucent door.
  2341 | D:2      | Noticed Crazy Yiuf
  2351 | D:2      | Killed Crazy Yiuf
  2571 | D:3      | Noticed Natasha
  2577 | D:3      | Killed Natasha
  2578 | D:3      | Reached skill level 4 in Axes
  2618 | D:3      | You fall into a shaft and drop 2 floors!
  2618 | D:5      | Entered Level 5 of the Dungeon
  2627 | D:5      | Found a glowing golden altar of the Shining One.
  2641 | D:5      | Became a worshipper of the Shining One
  2648 | D:5      | Reached XP level 6. HP: 24/47 MP: 6/6
  3127 | D:3      | Noticed Robin
  3135 | D:3      | Killed Robin
  3154 | D:3      | Reached skill level 5 in Axes
  3228 | D:3      | Found an iron altar of Okawaru.
  3271 | D:3      | Noticed Natasha
  3286 | D:3      | Killed Natasha
  3286 | D:3      | Reached * piety under the Shining One
  3288 | D:3      | Found a hazy altar of Hepliaklqana.
  3311 | D:3      | Noticed Natasha
  3318 | D:3      | Killed Natasha
  3457 | D:3      | Noticed Terence
  3466 | D:3      | Killed Terence
  3754 | D:3      | Reached XP level 7. HP: 49/50 MP: 8/8
  4006 | D:4      | Found a shadowy altar of Dithmenos.
  4212 | D:4      | Found Icarhit's Antique Weapon Shop.
  4220 | D:4      | Bought a glowing hand axe for 132 gold pieces
  4295 | D:4      | Reached skill level 6 in Axes
  5339 | D:5      | Reached XP level 8. HP: 58/60 MP: 9/9
  5648 | D:6      | Found a glowing silver altar of Zin.
  5778 | D:6      | Found a burning altar of Makhleb.
  5873 | D:6      | Found Fusoli's Armour Shoppe.
  5881 | D:6      | Bought a +0 pair of gloves for 58 gold pieces
  5973 | D:6      | Reached skill level 7 in Axes
  6306 | D:6      | Noticed an angel
  6307 | D:6      | Noticed a cacodemon
  6341 | D:6      | Reached XP level 9. HP: 45/66 MP: 11/11
  6919 | D:7      | Reached skill level 1 in Evocations
  6929 | D:7      | Reached skill level 5 in Fighting
  7290 | D:7      | Reached skill level 8 in Axes
  7295 | D:7      | Gained mutation: You are frail. (-10% HP) [potion of
                  | mutation]
  7295 | D:7      | Gained mutation: Your body sometimes deteriorates upon
                  | taking damage. [potion of mutation]
  7295 | D:7      | Gained mutation: You are dopey. (Int -2) [potion of
                  | mutation]
  7295 | D:7      | Gained mutation: You have sharp fingernails. [potion of
                  | mutation]
  7295 | D:7      | HP: 3/61 [poisoned by a gnoll]
  7297 | D:7      | HP: 1/61 [poisoned by a gnoll]
  7298 | D:7      | Succumbed to a gnoll's poison

Illustrated notes

Levels and vault maps discovered:
D:1:      dpeg_arrival_three_same_balls, layout_loops_cross, st_stairs_3
D:2:      layout_loops_cross, chequers_serial_rivers_micro_a,
          uniq_crazy_yiuf_cottage
D:3:      cheibrodos_greedy_goblins, layout_rooms, lemuel_round_altar,
          mainiacjoe_overflow_24_doors, uniq_robin, uniq_natasha, uniq_terence
D:4:      layout_loops_corners, grunt_dithmenos_smoke_and_mirrors, serial_shops,
          shop, minmay_surrounded
D:5:      layout_basic, nicolae_tso_besieged_by_evil, reono_crystal_passage
D:6:      layout_cave_pods, grunt_temple_overflow_order_and_chaos_2,
          serial_shops, shop
D:7:      layout_gridville, lemuel_tele_altar, lemuel_coloured_pillars_altar,
          minmay_temple_entry_mini_moons, uniq_menkaure

Skill      XL: |  1  2  3  4  5  6  7  8  9 |
---------------+----------------------------+-----
Stealth        | 1 2 4 |  4.0
Fighting       | 1 2 3 4 5 |  5.1
Dodging        | 1 2 3 |  3.0
Throwing       | 2 |  2.0
Axes           | 4 5 6 7 8 |  8.0
Invocations    | 2 3 |  3.0
Armour         | 2 3 |  3.0
Evocations     | 1 |  1.0
Unarmed Combat | |  4.0

Action                   |  1- 3 |  4- 6 |  7- 9 || total
-------------------------+-------+-------+-------++-------
Melee: Hand axe          |    62 |   138 |   154 ||   354
       Punch             |     1 |     5 |     6 ||    12
Throw: Dart              |    67 |    43 |     2 ||   112
Invok: Divine Shield     |       |       |     3 ||     3
  Use: Scroll            |       |     1 |     3 ||     4
       Potion            |       |     1 |     2 ||     3
 Stab: Sleeping          |       |     1 |       ||     1
Armor: Leather armour    |    12 |    30 |       ||    42
       Ring mail         |       |     9 |    49 ||    58
Dodge: Dodged            |    39 |    75 |    76 ||   190
Block: Other             |       |       |     1 ||     1

Table legend: (Time is in decaauts)
 A = Elapsed time spent in this place.
 B = Non-inter-level travel time spent in this place.
 C = Inter-level travel time spent in this place.
 D = Time resting spent in this place.
 E = Time spent auto-exploring this place.
 F = Levels seen in this place.
 G = Mean time per level.
                   A        B        C        D        E       F      G
               +--------+--------+--------+--------+--------+-----+--------+
         Total |   7290 |   7108 |    182 |    696 |   5036 |   7 | 1041.4 |
       Dungeon |   7290 |   7108 |    182 |    696 |   5036 |   7 | 1041.4 |
               +--------+--------+--------+--------+--------+-----+--------+

Top non-repeatable levels by time:
     D:2: 1633 daAuts
     D:6: 1365 daAuts
     D:4: 1242 daAuts
     D:3: 918 daAuts
     D:1: 914 daAuts
     D:5: 824 daAuts
     D:7: 391 daAuts
